Map: Apotheosis LE

Players

DIMAGA

  • Race: Zerg Zerg
  • League: Grandmaster

SortOf - Winner!

  • Race: Zerg Zerg
  • League: Grandmaster

VOD

Have the link to the VOD?

Description

Time

  • Played on: Oct. 30, 2016, 7:02 a.m.
  • Length: 16:33
Show
View Real Time Build Order
Export as new Build Order

DIMAGA Zerg 

Build Orders: Hatch First, Zergling Baneling 

Get SALT Encoding   

  12  0:00  Drone  
  13  0:13  Overlord  
  13  0:18  Drone  
  14  0:31  Drone x2  
  14  0:35  Drone  
  17  0:52  Unknown, Hatchery  
  17  0:55  Drone  
  17  0:58  Drone  
  18  1:08  Extractor  
  17  1:12  Spawning Pool  
  17  1:16  Drone  
  17  1:19  Drone  
  18  1:29  Drone  
  19  1:40  Overlord  
  19  1:51  Drone  
  20  1:59  Queen  
  20  2:00  Zergling x2  
  23  2:03  Queen, Unknown  
  23  2:05  Drone  
  26  2:09  Metabolic Boost  
  26  2:11  Drone  
  27  2:15  Drone  
  28  2:23  Drone  
  28  2:26  Drone  
  30  2:30  Baneling Nest  
  30  2:33  Drone  
  30  2:37  Drone  
  30  2:43  Overlord  
  31  2:57  Drone x2  
  33  3:04  Zergling x2  
  34  3:07  Zergling x4  
  34  3:08  Zergling x4  
  34  3:11  Unknown, Hatchery  
  37  3:14  Zergling x4  
  37  3:18  Overlord  
  39  3:23  Drone x2  
  41  3:32  Drone x2  
  43  3:37  Evolution Chamber  
  43  3:38  Drone x2  
  43  3:41  Baneling x2  
  43  3:47  Baneling x2  
  43  3:53  Drone x4  
  43  3:54  Drone x2  
  49  4:03  Queen  
  49  4:04  Zerg Melee Weapons Level 1  
  51  4:15  Overlord  
  51  4:16  Overlord  
  51  4:17  Zergling x2  
  51  4:22  Baneling x4  
  51  4:23  Unknown  
  52  4:27  Spine Crawler, Queen  
  52  4:29  Queen  
  54  4:32  Zergling x2  
  54  4:33  Zergling x2  
  54  4:35  Baneling  
  54  4:36  Baneling  
  56  4:45  Queen  
  56  4:47  Baneling  
  56  4:50  Zergling x8  
  62  4:58  Zergling x14  
  61  5:09  Zergling x6  
  61  5:13  Zergling x2  
  61  5:14  Zergling x6  
  66  5:18  Zergling x12  
  67  5:21  Zergling x2  
  63  5:33  Zergling x2  
  63  5:34  Drone x3  
  60  5:42  Drone x3  
  61  5:51  Baneling x2  
  61  5:54  Drone x3  
  64  5:58  Baneling x2  
  64  6:02  Drone x8  
  72  6:09  Overlord  
  72  6:13  Overlord, Zergling x2  
  72  6:18  Unknown, Hatchery  
  70  6:30  Lair  
  70  6:31  Drone x5  
  70  6:32  Drone x5  
  80  6:36  Extractor  
  79  6:42  Drone x4  
  79  6:46  Extractor, Overlord  
  82  6:47  Extractor  
  82  6:48  Drone  
  80  6:55  Overlord, Zergling x2  
  80  6:56  Zergling x10  
  80  6:57  Zergling x2  
  80  7:00  Zergling x2  
  85  7:02  Zergling x2  
  85  7:08  Extractor, Drone x3  
  77  7:09  Extractor  
  77  7:20  Zergling x2  
  77  7:21  Zergling x10  
  83  7:29  Unknown  
  83  7:30  Zergling x2  
  83  7:35  Spire  
  83  7:37  Zergling x10  
  83  7:38  Zergling x2  
  83  7:40  Baneling x2  
  89  7:50  Overlord  
  89  7:51  Overlord  
  89  7:52  Overlord  
  89  7:54  Drone  
  89  7:55  Drone x8  
  89  7:58  Zerg Melee Weapons Level 2  
  96  8:01  Baneling  
  96  8:02  Baneling  
  96  8:04  Drone x2  
  96  8:05  Drone x2  
  100  8:06  Extractor, Drone  
  100  8:09  Extractor  
  99  8:20  Overlord x2  
  99  8:32  Drone  
  99  8:33  Drone  
  99  8:34  Drone  
  98  8:45  Unknown  
  98  8:47  Mutalisk x12  
  122  9:01  Drone x3  
  125  9:04  Zerg Flyer Armor Level 1  
  125  9:07  Unknown, Hatchery, Zergling x16  
  130  9:18  Mutalisk x4  
  130  9:19  Infestation Pit  
  130  9:20  Zergling x12  
  130  9:21  Zergling x2  
  144  9:32  Overlord x4  
  141  9:43  Overlord x3  
  114  9:59  Drone x2  
  117  10:00  Drone x2  
  117  10:01  Drone x4  
  117  10:03  Mutalisk x6  
  117  10:04  Spore Crawler, Unknown  
  133  10:08  Extractor  
  133  10:11  Extractor, Hive  
  133  10:13  Mutalisk x2  
  135  10:15  Pneumatized Carapace  
  135  10:18  Unknown  
  135  10:20  Zerg Ground Armor Level 1  
  135  10:23  Drone x3  
  138  10:30  Zergling x4  
  138  10:31  Zergling x2  
  141  10:43  Drone x3  
  144  10:51  Baneling x2  
  144  10:52  Zergling x14  
  150  11:01  Zergling x4  
  150  11:05  Baneling  
  148  11:13  Zerg Flyer Armor Level 2  
  148  11:18  Baneling x2  
  148  11:21  Unknown, Overlord x3, Hatchery  
  148  11:24  Adrenal Glands  
  148  11:25  Viper x4, Ultralisk Cavern  
  153  11:29  Baneling  
  158  11:33  Zergling x16  
  158  11:35  Drone  
  158  11:36  Overlord  
  158  11:37  Overlord  
  167  11:46  Overlord  
  167  11:48  Queen x4  
  118  12:23  Mutalisk  
  118  12:24  Mutalisk x9  
  121  12:32  Unknown  
  113  12:42  Ultralisk x3  
  120  12:48  Drone x9  
  124  13:02  Chitinous Plating  
  124  13:05  Drone x3  
  127  13:06  Drone x3  
  127  13:07  Drone x8  
  138  13:15  Ultralisk  
  138  13:16  Zergling x2  
  138  13:17  Zergling x2  
  139  13:33  Viper x3  
  144  13:34  Spore Crawler  
  144  13:39  Zergling x18  
  146  13:55  Unknown, Hatchery  
  144  14:07  Unknown, Hatchery  
  144  14:08  Viper x3  
  145  14:16  Ultralisk  
  139  14:29  Ultralisk  
  130  14:54  Ultralisk x2  
  130  14:55  Ultralisk  
  140  15:07  Unknown  
  117  15:29  Drone x2  
  117  15:30  Drone  
Show
View Real Time Build Order
Export as new Build Order

SortOf Zerg - Winner!

Build Orders: Hatch First 

Get SALT Encoding   

  12  0:00  Drone  
  13  0:13  Overlord  
  13  0:18  Drone  
  14  0:32  Drone x2  
  16  0:37  Drone  
  17  0:53  Unknown, Hatchery  
  17  0:56  Drone  
  17  0:59  Drone  
  18  1:07  Drone  
  19  1:11  Extractor  
  18  1:21  Spawning Pool, Drone  
  18  1:29  Drone  
  19  1:39  Overlord  
  19  1:50  Drone  
  20  2:00  Drone  
  21  2:04  Unknown  
  21  2:07  Zergling x2  
  21  2:08  Queen x2  
  22  2:11  Metabolic Boost  
  22  2:13  Drone  
  27  2:16  Zergling x2  
  27  2:22  Drone  
  29  2:28  Drone  
  30  2:34  Drone  
  31  2:38  Baneling Nest  
  31  2:39  Drone  
  31  2:43  Drone  
  32  2:50  Evolution Chamber, Drone  
  32  2:54  Drone  
  33  3:00  Zergling x2  
  33  3:05  Unknown, Hatchery  
  33  3:06  Zergling x2  
  33  3:12  Overlord  
  34  3:16  Drone x2  
  36  3:20  Zerg Melee Weapons Level 1  
  36  3:27  Baneling x2  
  36  3:29  Overlord  
  36  3:30  Overlord  
  36  3:37  Drone x3  
  36  3:39  Drone  
  40  3:43  Baneling  
  40  3:46  Baneling  
  40  3:51  Zergling x4  
  40  3:53  Queen  
  44  3:59  Zergling x6  
  47  4:03  Drone  
  47  4:08  Zergling x4  
  50  4:14  Baneling x2  
  50  4:15  Zergling x4  
  50  4:16  Unknown  
  52  4:25  Zergling x2  
  52  4:26  Zergling x10  
  52  4:30  Overlord  
  58  4:35  Drone  
  58  4:37  Drone  
  61  4:38  Drone  
  61  4:42  Extractor  
  60  4:46  Drone  
  61  4:53  Drone x5  
  65  5:03  Drone x3  
  65  5:06  Drone x2  
  59  5:08  Drone  
  59  5:09  Drone x2  
  62  5:16  Drone x2  
  57  5:23  Zergling x2  
  57  5:26  Baneling  
  57  5:27  Zergling x2  
  57  5:28  Zergling x2  
  59  5:35  Zergling x4  
  59  5:38  Lair  
  59  5:40  Extractor, Drone x3  
  59  5:41  Roach Warren  
  56  5:43  Zergling x2  
  56  5:44  Zergling x6  
  56  5:45  Zergling x4  
  56  5:46  Baneling x2  
  56  5:47  Baneling x3  
  62  5:50  Spine Crawler  
  62  5:55  Queen  
  62  5:56  Queen  
  65  6:00  Baneling x2  
  65  6:01  Zergling x6  
  68  6:07  Drone x6  
  73  6:25  Overlord x2  
  73  6:27  Overlord  
  73  6:31  Extractor x2  
  71  6:35  Drone x2  
  71  6:37  Spire  
  71  6:38  Overlord x2  
  72  6:40  Overlord  
  72  6:44  Unknown, Zerg Melee Weapons Level 2, Hatchery  
  70  6:54  Zergling x18  
  76  7:06  Drone x3  
  74  7:08  Drone  
  74  7:14  Drone x3  
  74  7:15  Drone x2  
  76  7:25  Spire, Drone x2  
  76  7:26  Overlord, Drone  
  76  7:27  Drone x3  
  76  7:28  Drone  
  82  7:31  Drone  
  82  7:33  Unknown, Hatchery  
  82  7:37  Baneling  
  82  7:38  Baneling x2  
  82  7:47  Drone  
  82  7:48  Drone x8  
  82  7:49  Drone  
  82  7:50  Drone x2  
  94  7:52  Extractor  
  94  7:55  Unknown  
  94  7:57  Drone x3  
  95  8:00  Overseer  
  95  8:01  Extractor  
  95  8:03  Overlord  
  95  8:05  Extractor  
  93  8:17  Zergling x14  
  93  8:44  Mutalisk x13, Unknown  
  93  8:46  Overlord  
  119  8:48  Unknown, Hatchery  
  119  8:54  Zergling x20  
  128  8:58  Overlord  
  128  9:00  Baneling x2  
  128  9:03  Extractor  
  128  9:05  Extractor  
  128  9:09  Zerg Flyer Armor Level 1  
  126  9:11  Mutalisk x3  
  132  9:17  Mutalisk x2  
  132  9:19  Drone x6  
  132  9:20  Drone  
  143  9:24  Overlord  
  143  9:25  Drone x3  
  146  9:35  Mutalisk x2  
  143  9:49  Mutalisk x5  
  143  9:51  Queen x3  
  146  9:53  Zergling x4  
  147  10:00  Mutalisk x2, Unknown  
  147  10:02  Zergling x8  
  155  10:08  Mutalisk x2  
  159  10:14  Spore Crawler  
  159  10:16  Zergling x10  
  159  10:20  Spine Crawler  
  162  10:23  Spore Crawler  
  162  10:25  Mutalisk  
  163  10:35  Overlord x4  
  163  10:39  Overlord x2  
  161  11:04  Zerg Flyer Weapons Level 1  
  160  11:05  Mutalisk  
  160  11:06  Mutalisk x11  
  160  11:10  Zergling x6  
  183  11:13  Overseer  
  183  11:17  Infestation Pit  
  180  11:18  Spore Crawler  
  180  11:21  Mutalisk x3  
  185  11:26  Overseer  
  185  11:28  Mutalisk x2  
  185  11:31  Zergling x2  
  185  11:32  Zergling x4  
  192  11:37  Mutalisk  
  192  11:38  Mutalisk x2  
  198  11:44  Mutalisk  
  200  11:48  Zerg Ground Armor Level 1  
  200  12:05  Mutalisk x2  
  191  12:21  Mutalisk x8  
  191  12:24  Zergling x20  
  193  12:36  Mutalisk x4  
  180  12:39  Zergling x20  
  176  12:53  Zergling x14  
  183  12:59  Hive  
  183  13:03  Mutalisk x2  
  185  13:09  Mutalisk x3  
  191  13:15  Mutalisk  
  191  13:16  Mutalisk  
  175  13:36  Mutalisk x5  
  175  13:38  Zerg Flyer Weapons Level 2  
  175  13:41  Mutalisk x2  
  177  13:48  Zergling x34  
  198  13:56  Zerg Ground Armor Level 2  
  198  14:03  Mutalisk  
  200  14:22  Adrenal Glands  
  200  14:24  Ultralisk Cavern  
  200  14:27  Overlord  
  198  14:33  Unknown, Hatchery  
  197  14:39  Overlord  
  195  14:52  Mutalisk x8  
  179  14:54  Overlord  
  182  15:03  Mutalisk x5  
  189  15:11  Zergling x22  
  200  15:41  Zergling x8  
  200  15:45  Unknown, Hydralisk Den  
  200  15:48  Evolution Chamber  
  198  16:00  Spine Crawler, Spore Crawler  
  196  16:10  Evolution Chamber  
Tags
 
Add a new tag
Caveats
  • Supply blocks, unpowered buildings, or Contaminate may cause inaccurate times.
  • Supply counts are checked every 10 seconds.